Map: Dusty Gorge

Players

Narlow

  • Race: Zerg Zerg
  • Spawn Location: 11:00

Horizion

  • Race: Protoss Protoss
  • Spawn Location: 9:00

Massa - Winner!

  • Race: Terran Terran
  • League: Gold
  • Spawn Location: 5:00

qqq - Winner!

  • Race: Zerg Zerg
  • League: Platinum
  • Spawn Location: 3:00

VOD

Have the link to the VOD?

Description

Time

  • Played on: May 12, 2020, 2:31 p.m.
  • Length: 6:16
Show
View Real Time Build Order
Export as new Build Order

Narlow Zerg 

Build Orders: 1 Base Baneling Bust, Pool Only, Zergling Baneling 

Get SALT Encoding   

  12  0:19  Spawning Pool  
  11  0:23  Extractor  
  11  0:25  Drone  
  11  0:30  Drone  
  12  0:42  Drone x2  
  14  0:51  Overlord  
  14  1:10  Zergling x4  
  16  1:19  Zergling x2  
  17  1:27  Baneling Nest  
  17  1:30  Zergling x2  
  17  1:41  Zergling x2  
  18  1:50  Queen  
  18  1:52  Zergling x2  
  21  2:02  Overlord  
  21  2:28  Zergling x2  
  22  2:34  Baneling  
  21  2:39  Baneling  
  21  2:47  Zergling x6  
  19  2:59  Zergling x2  
  19  3:00  Zergling x2  
  19  3:01  Zergling x4  
  23  3:11  Zergling x2  
  23  3:23  Metabolic Boost  
  23  3:24  Zergling x2  
  24  3:27  Baneling x3  
  24  3:34  Drone x2  
  25  3:41  Overlord  
  26  3:45  Baneling  
  26  3:47  Baneling  
  26  4:01  Drone x2  
  26  4:02  Drone  
  25  4:17  Zergling x2  
  25  4:21  Zergling x2  
  25  4:22  Drone, Zergling x2  
  29  4:29  Overlord  
  29  4:38  Baneling x2  
  24  4:41  Baneling x4  
  24  4:42  Zergling x2  
  25  4:48  Zergling x4  
  27  4:53  Extractor  
  25  5:02  Zergling x4  
  26  5:10  Zergling x2  
  26  5:15  Baneling x2, Zergling x2  
  26  5:16  Zergling x4  
  26  5:19  Zergling x2  
  29  5:21  Baneling x3  
  29  5:26  Zergling x2  
  28  5:39  Drone  
  29  5:48  Drone  
Show
View Real Time Build Order
Export as new Build Order

Horizion Protoss 

Build Orders: 1 Gate Expand 

Get SALT Encoding   

  12  0:00  Probe  
  13  0:13  Probe  
  14  0:18  Pylon  
  14  0:25  Probe  
  15  0:37  Probe  
  15  0:38  Gateway  
  16  0:49  Probe  
  17  0:52  Assimilator  
  17  1:01  Probe  
  18  1:15  Probe  
  19  1:30  Cybernetics Core  
  19  1:37  Nexus  
  19  1:41  Probe  
  20  1:48  Assimilator  
  20  2:02  Pylon  
  20  2:07  Probe  
  21  2:19  Probe, Protoss Air Weapons Level 1 (Chrono Boost)  
  22  2:31  Probe (Chrono Boost)  
  22  2:36  Stargate  
  23  2:43  Probe (Chrono Boost)  
  24  2:50  Assimilator  
  24  2:52  Probe (Chrono Boost)  
  24  2:54  Assimilator  
  24  2:57  Probe  
  25  3:03  Stargate  
  26  3:07  Probe  
  26  3:10  Probe (Chrono Boost)  
  28  3:19  Probe (Chrono Boost)  
  29  3:22  Probe (Chrono Boost)  
  30  3:29  Probe (Chrono Boost)  
  30  3:30  Probe (Chrono Boost)  
  30  3:33  Void Ray (Chrono Boost)  
  30  3:34  Probe (Chrono Boost)  
  25  4:22  Probe (Chrono Boost)  
  25  4:23  Probe (Chrono Boost)  
  27  4:25  Void Ray  
  27  4:26  Pylon  
  28  4:32  Pylon  
  28  4:33  Probe x2 (Chrono Boost)  
  29  4:38  Probe (Chrono Boost)  
  29  4:43  Probe  
  10  5:52  Pylon  
  10  5:53  Pylon  
Show
View Real Time Build Order
Export as new Build Order

Massa Terran - Winner!

Build Orders:  

Get SALT Encoding   

  12  0:11  Supply Depot  
  12  0:13  SCV  
  13  0:25  SCV  
  14  0:34  Barracks  
  14  0:37  SCV  
  15  0:51  Supply Depot  
  15  0:58  SCV  
  16  1:07  Barracks  
  16  1:10  SCV  
  17  1:31  Barracks  
  17  1:32  SCV  
  17  1:36  Supply Depot  
  17  1:37  Marine  
  19  1:54  Barracks  
  19  1:55  Marine  
  19  1:56  Marine  
  21  2:12  Marine  
  21  2:14  Marine  
  24  2:15  SCV  
  24  2:18  Refinery  
  24  2:21  Marine  
  25  2:30  Marine  
  25  2:32  Marine, Supply Depot  
  27  2:38  Orbital Command  
  27  2:41  Marine  
  28  2:56  Marine x3  
  31  2:59  Marine  
  32  3:13  Marine  
  32  3:14  Marine x2  
  35  3:22  Marine  
  36  3:29  SCV  
  36  3:31  Marine  
  36  3:32  Marine x2  
  40  3:35  Supply Depot  
  40  3:39  Marine  
  41  3:49  Marine x3  
  44  3:57  Marine  
  35  4:17  Marine x4  
  35  4:28  Factory  
  35  4:34  Barracks  
  35  4:35  Marine x3  
  37  4:40  Marine  
  37  4:53  Marine x3  
  37  4:58  Marine  
  40  5:10  Marine  
  40  5:11  Marine x2  
  35  5:16  Marine  
  35  5:21  Marine  
  36  5:24  Factory Tech Lab  
  36  5:28  Marine x2  
  36  5:29  Marine  
  36  5:33  Marine  
  40  5:39  Marine  
  39  5:46  Marine x3  
  39  5:51  Marine  
  39  5:56  Marine  
Show
View Real Time Build Order
Export as new Build Order

qqq Zerg - Winner!

Build Orders: Hatch First 

Get SALT Encoding   

  12  0:02  Drone  
  13  0:10  Drone  
  14  0:39  Hatchery  
  13  0:52  Spawning Pool  
  12  1:01  Overlord  
  12  1:06  Drone  
  12  1:10  Drone  
  14  1:13  Extractor  
  14  1:17  Drone  
  14  1:27  Drone  
  15  1:35  Drone  
  16  1:41  Queen  
  18  1:51  Zergling x2  
  18  1:53  Zergling x2  
  20  2:01  Zergling x2  
  21  2:10  Zergling x2  
  21  2:13  Zergling x4  
  24  2:26  Drone  
  25  2:32  Zergling x2  
  25  2:34  Metabolic Boost  
  26  2:42  Drone  
  23  3:02  Queen, Baneling Nest  
  25  3:05  Zergling x2  
  25  3:06  Zergling x2, Overlord  
  25  3:08  Drone  
  27  3:20  Overlord x2  
  27  3:28  Zergling x4  
  27  3:31  Zergling x2  
  30  3:35  Drone  
  31  3:55  Zergling x8  
  35  3:56  Zergling x4  
  37  4:05  Zergling x2  
  37  4:06  Zergling x2  
  32  4:19  Zergling x6  
  32  4:20  Zergling x2  
  36  4:30  Zergling x4  
  38  4:44  Zergling x2  
  38  4:45  Zergling x4  
  40  4:57  Zergling x2  
  36  5:14  Zergling x8  
  36  5:15  Zergling x8  
  41  5:41  Zergling x4  
  41  5:42  Zergling x4  
  45  5:48  Baneling x6  
  45  5:49  Baneling x2  
Tags
 
Add a new tag
Caveats
  • Supply blocks, unpowered buildings, or Contaminate may cause inaccurate times.
  • Supply counts are checked every 10 seconds.